Cogmind - Beta 17 @@@ ROGUE MODE // 2026.08.06 @ 19:51:51 Player: 4R-ZE3 Result: Self-destructed Performance ------------- Evolutions (0) 0 Regions Visited (3) 600 Robots Destroyed (19) 95 Value Destroyed (416) 416 Prototype IDs (1) 20 Alien Tech Used (0) 0 Bonus (300) 300 TOTAL SCORE: 1431 Bonus ------- Registered with UFD 300 Cogmind --------- Core Integrity 85/250 Matter 300/300 Energy 250/250 System Corruption 0% Temperature Cool (0) Movement Treading (240) Ox1 Location -7/Scraptown Parts ------- > --- POWER (1) -------- Ion Engine > --- PROPULSION (2) --- Light Treads > --- UTILITY (2) ------ Large Storage Unit Makeshift Light Armor Plating > --- WEAPON (2) ------- (None) > --- INVENTORY (15) --- Light Treads Light Treads Subdweller Monowheel Subdweller Monowheel Subdweller Monowheel Disposable Heat Sink Subdweller Optics Subdweller Optics Grenade Launcher Hammer Peak State ------------ > --- POWER ------------ Ion Engine > --- PROPULSION ------- Light Treads Spiked Treads > --- UTILITY ---------- Large Storage Unit Makeshift Light Armor Plating > --- WEAPON ----------- Particle Cannon LU-1G1's Laser Shovel > --- INVENTORY -------- Light Treads Light Treads Subdweller Monowheel Subdweller Monowheel Subdweller Monowheel Disposable Heat Sink Subdweller Optics Subdweller Optics Grenade Launcher Hammer [Rating: 18] Favorites ----------- Power Ion Engine Engine Ion Engine Propulsion Light Treads Treads Light Treads Utility Large Storage Unit Storage Large Storage Unit Protection Makeshift Light Armor Plating Weapon Particle Cannon Energy Cannon Particle Cannon Ballistic Gun Assault Rifle Launcher Grenade Launcher Special Weapon LU-1G1's Laser Shovel Impact Weapon Hammer Build | -11 -10 -10 -7 ------- Run | Yrd Mat Sub Scr Slots Evolved . | . . . . Power . | . . . . Propulsion . | . . . . Utility . | . . . . Weapon . | . . . . Parts Attached 20 | 7 5 7 1 Power 2 | 1 . 1 . Engine 2 | 1 . 1 . Core . | . . . . Reactor . | . . . . Propulsion 4 | 2 . 2 . Treads 4 | 2 . 2 . Leg . | . . . . Wheel . | . . . . Hover . | . . . . Flight . | . . . . Utility 4 | 1 2 1 . Device . | . . . . Storage 2 | 1 1 . . Processor . | . . . . Hackware . | . . . . Protection 2 | . 1 1 . Artifact . | . . . . Weapon 10 | 3 3 3 1 Energy Gun . | . . . . Energy Cannon 3 | . 1 2 . Ballistic Gun 4 | 3 1 . . Ballistic Cannon . | . . . . Launcher 1 | . . 1 . Special Weapon 1 | . . . 1 Impact Weapon 1 | . 1 . . Slashing Weapon . | . . . . Piercing Weapon . | . . . . Special Melee Weapon . | . . . . Unidentified Prototypes 1 | . . . 1 Parts Lost 10 | . . 7 3 Power 1 | . . 1 . Propulsion 2 | . . 1 1 Utility 1 | . . 1 . Weapon 6 | . . 4 2 Highest Loss Streak 6 | . . 6 3 To Critical Strikes 3 | . . 1 2 Average Backups 8 | . 6 8 10 Power . | . 1 . . Propulsion 2 | . 1 3 5 Utility . | . . . 3 Weapon 3 | . 4 4 2 Tool/Special . | . . . . Unused Backups 9 | . 2 . 7 Power . | . . . . Propulsion 5 | . 1 . 4 Utility 3 | . . . 3 Weapon 1 | . 1 . . Tool/Special . | . . . . Average Slot Usage (%) 92 | . 96 93 86 Engine 14 | . 14 14 14 Treads 28 | . 28 28 28 Storage 14 | . 14 14 14 Protection 11 | . 11 11 14 Energy Cannon 11 | . 3 14 13 Ballistic Gun 7 | . 19 4 . Launcher 1 | . . 2 . Impact Weapon 3 | . 5 4 . Peak Build Rating 18 | 6 9 13 18 Average Rating 10 | 5 7 10 12 On Entrance 6 | . 6 9 12 Avg Prop Armor Cover (%) . | . . . . Naked Turns . | . . . . Heaviest Build 36 | 13 34 35 36 Greatest Support 40 | 40 40 40 40 Greatest Overweight (x) 2 | 2 . . . Average Overweight (x) . | . . . . Largest Inventory Capacity 15 | 8 15 15 15 Average Capacity 13 | 7 8 15 15 Most Carried 11 | 2 8 10 11 Average Carried 8 | 1 6 8 10 Final Capacity 15 | 8 15 15 15 Final Carried 10 | 2 8 10 10 Class Distribution -------------------- 100% | Mutant Dominant Class ---------------- Mutant | -10/Materials Mutant | -10/Subcaves Mutant | -7/Scraptown Resources | -11 -10 -10 -7 ----------- Run | Yrd Mat Sub Scr Matter Collected 692 | 170 278 244 . Remotely . | . . . . Salvage Created 582 | . 325 257 . Parts 35 | . 17 18 . Haulers Intercepted 1 | . 1 . . Recyclers Shooed . | . . . . Parts Field Recycled . | . . . . Retrieved Matter . | . . . . Parts Self-Destructed 18 | . . 18 . Prevented . | . . . . Parts Restored . | . . . . Kills | -11 -10 -10 -7 ------- Run | Yrd Mat Sub Scr Combat Hostiles Destroyed 13 | . 5 8 . Guns 5 | . 5 . . Cannons 7 | . . 7 . AOE 1 | . . 1 . Classes Destroyed 8 | . 5 3 . Hauler 1 | . 1 . . Recycler 1 | . 1 . . Turret 2 | . . 2 . Watcher 2 | . 2 . . Swarmer 7 | . 3 4 . Grunt 2 | . 2 . . Sentry 1 | . . 1 . Subdweller 3 | . . 3 . Best Kill Streak 6 | . 4 6 . Combat Bots Only 4 | . 2 4 . Max Kills in Single Turn 1 | . 1 1 . Gunslinging . | . . . . Exploded 1 | . . 1 . Melee . | . . . . Uniques/NPCs Destroyed . | . . . . Combat | -11 -10 -10 -7 -------- Run | Yrd Mat Sub Scr Hostile Shots Fired 186 | . 35 123 28 Missed 58 | . 6 43 9 Hits 128 | . 29 80 19 Projectile 128 | . 29 80 19 Critical Strikes 6 | . . 2 4 Damage Taken 1828 | . 295 1149 384 Core 165 | . 41 106 18 Absorbed by Shields . | . . . . Core Remaining (%) 100 | 100 . . . Volleys Fired 83 | . 27 54 2 Largest 2 | . 2 2 1 Hottest 136 | . 68 136 68 Shots Fired 128 | . 52 74 2 Gun 69 | . 51 18 . Cannon 57 | . 1 54 2 Launcher 2 | . . 2 . Special . | . . . . Kinetic 69 | . 51 18 . Thermal 57 | . 1 54 2 Explosive 2 | . . 2 . Electromagnetic . | . . . . Robot Hit Streak 27 | . 13 27 . Robot Miss Streak 2 | . 2 2 . Penetration Max . | . . . . Secondary Targets . | . . . . Shots Hit Robots 93 | . 36 57 . Core Hits 28 | . 13 15 . Critical Kills . | . . . . Critical Parts Destroyed . | . . . . Critical Strikes . | . . . . Melee Attacks 8 | . 3 5 . Impact 8 | . 3 5 . Slashing . | . . . . Piercing . | . . . . Sneak Attacks . | . . . . Combat Hostiles . | . . . . Follow-up Attacks . | . . . . Damage Inflicted 1654 | . 474 1180 . Guns 643 | . 474 169 . Cannons 913 | . . 913 . Explosions 98 | . . 98 . Melee . | . . . . Ramming . | . . . . Kinetic 643 | . 474 169 . Thermal 913 | . . 913 . Explosive 98 | . . 98 . Electromagnetic . | . . . . Impact . | . . . . Slashing . | . . . . Piercing . | . . . . Highest Corruption 4 | . 4 4 . Average Corruption 3 | . 3 4 . Corruption Purged . | . . . . Corruption Blocked . | . . . . Effects 36 | . 12 24 . Message Errors 11 | . 5 6 . Matter Fused 12 | . 6 6 . Heat Flow Errors 2 | . . 2 . Energy Discharges 2 | . . 2 . Data Loss (minor) 3 | . . 3 . Data Loss (major) 3 | . . 3 . Alerts 1 | . . 1 . Weapon Failures 2 | . 1 1 . Overload Shots . | . . . . Overflow Damage 24 | . . 24 . Projectiles 14 | . . 14 . Explosions 10 | . . 10 . Melee . | . . . . Knockbacks . | . . . . Impact . | . . . . Kinetic . | . . . . Secondary . | . . . . Self-Inflicted Damage 76 | . . 76 . Shots 2 | . . 2 . Rammed . | . . . . Targets Rammed . | . . . . Kicked . | . . . . Crushed . | . . . . Highest Temperature 112 | . 34 112 76 Average Temperature 16 | . 6 15 40 Received Heat Transfer 276 | . 84 192 . Siege Activations . | . . . . Martial Activations . | . . . . Shielding Activations . | . . . . Robots Disrupted . | . . . . Combat Hostiles . | . . . . Robots Corrupted . | . . . . Combat Hostiles . | . . . . Parts Fried . | . . . . Impact Corruptions . | . . . . Robots Melted . | . . . . Combat Hostiles . | . . . . Parts Melted 2 | . . 2 . Heat Transferred 1628 | . . 1628 . Parts Sabotaged . | . . . . Parts Stolen . | . . . . Parts Stripped . | . . . . Power Chain Reactions . | . . . . Alert | -11 -10 -10 -7 ------- Run | Yrd Mat Sub Scr Maximum Alert Level . | . . . . Low Security (%) 100 | 100 100 . . Level 1 . | . . . . Level 2 . | . . . . Level 3 . | . . . . Level 4 . | . . . . Level 5 . | . . . . High Security . | . . . . Max Security . | . . . . Peak Influence 64 | . 64 . . Initial . | . . . . Average 15 | . 17 . . Influence Increases 360 | . 160 200 . Destroy 0b10 Robot/C 240 | . 100 140 . Destroy 0b10 Robot/NC 20 | . 20 . . Destroy Leader 26 | . 26 . . Successful Hack 10 | . 10 . . Destroy Structure 4 | . 4 . . Lose Combat Pursuer 60 | . . 60 . Influence Decreases 360 | . 160 200 . Time Decay 350 | . 160 190 . Lost Part 10 | . . 10 . Squads Dispatched . | . . . . Investigation . | . . . . Extermination . | . . . . Reinforcement . | . . . . Assault . | . . . . Garrison . | . . . . Intercept . | . . . . Searches Triggered . | . . . . Construction Impeded . | . . . . Haulers Reinforced . | . . . . Active Scanning Responses . | . . . . Cargo Convoy Interrupts . | . . . . Stealth | -11 -10 -10 -7 --------- Run | Yrd Mat Sub Scr Distress Signals 1 | . 1 . . Communications Jammed . | . . . . Distress Signals . | . . . . Times Spotted 25 | . 10 10 5 Peak Tracking Total 9 | . 4 5 9 Tactical Retreats 2 | . . 2 . Traps | -11 -10 -10 -7 ------- Run | Yrd Mat Sub Scr Traps Triggered 2 | . 2 . . Indirectly . | . . . . Trap Hack Attempts . | . . . . Triggered . | . . . . Disarmed . | . . . . Reprogrammed . | . . . . Reused . | . . . . Traps Extracted . | . . . . Installed . | . . . . Triggered . | . . . . Machines | -11 -10 -10 -7 ---------- Run | Yrd Mat Sub Scr Machines Disabled 4 | . . . 4 Max in Single Turn 1 | . . . 1 Machines Repaired . | . . . . Machines Dismantled . | . . . . Machines Sabotaged . | . . . . Overloaded Fab Kills . | . . . . Hacking | -11 -10 -10 -7 --------- Run | Yrd Mat Sub Scr Machines Accessed 7 | . 6 . 1 Terminals 4 | . 4 . . Fabricators . | . . . . Repair Stations . | . . . . Recycling Units 2 | . 2 . . Scanalyzers . | . . . . Garrison Access . | . . . . Total Hacks 21 | . 15 . 6 Successful 16 | . 10 . 6 Failed 5 | . 5 . . Catastrophic . | . . . . Database Lockouts . | . . . . Manual 10 | . 10 . . Terminals 12 | . 12 . . Fabricators . | . . . . Repair Stations . | . . . . Recycling Units 3 | . 3 . . Scanalyzers . | . . . . Garrison Access . | . . . . Terminal Hacks 11 | . 5 . 6 Robot Analysis 9 | . 3 . 6 Zone Layout 2 | . 2 . . Fabricator Hacks . | . . . . Repair Station Hacks . | . . . . Recycling Unit Hacks 2 | . 2 . . Retrieve Components 2 | . 2 . . Scanalyzer . | . . . . Garrison Access Hacks . | . . . . Unauthorized Hacks 3 | . 3 . . Terminals 3 | . 3 . . Botnet 3 | . 3 . . Fabricators . | . . . . Repair Stations . | . . . . Recycling Units . | . . . . Scanalyzers . | . . . . Garrison Access . | . . . . Data Cores Recovered . | . . . . Used . | . . . . Hacking Detections 5 | . 5 . . Full Trace Events . | . . . . Feedback Events . | . . . . Feedback Blocked . | . . . . Robot Schematics Acquired . | . . . . Robots Built . | . . . . Authchips . | . . . . Time . | . . . . Total Robot Build Rating . | . . . . Part Schematics Acquired . | . . . . Parts Built . | . . . . Authchips . | . . . . Time . | . . . . Total Part Build Rating . | . . . . Part Studies Acquired . | . . . . Parts Repaired . | . . . . Time . | . . . . Parts Recycled . | . . . . Recycled Matter . | . . . . Retrieved Matter . | . . . . Retrieved Components 12 | . 12 . . Parts Scanalyzed . | . . . . Part Schematics Acquired . | . . . . Parts Damaged . | . . . . Bothacking | -11 -10 -10 -7 ------------ Run | Yrd Mat Sub Scr Used RIF Installer . | . . . . Robots Hacked . | . . . . Non-combat . | . . . . Combat . | . . . . Robot Hacks Applied . | . . . . Relay Couplers Released . | . . . . Fabnet Peak Effective % . | . . . . Robots Rewired . | . . . . Allies Hacked . | . . . . Hacks Repelled . | . . . . Allies | -11 -10 -10 -7 -------- Run | Yrd Mat Sub Scr Total Allies . | . . . . Largest Group . | . . . . Highest-Rated Group . | . . . . Highest-Rated Ally . | . . . . Total Orders . | . . . . Ally Attacks . | . . . . Total Damage . | . . . . Kills . | . . . . Allies Corrupted . | . . . . Allies Melted . | . . . . Intel | -11 -10 -10 -7 ------- Run | Yrd Mat Sub Scr Active Infowar (turns) . | . . . . Robot Analysis Total 9 | . 3 . 6 Derelict Logs Recovered 5 | . . 2 3 Drone Launches . | . . . . Drone Recoveries . | . . . . Exploration | -11 -10 -10 -7 ------------- Run | Yrd Mat Sub Scr Turns Passed 2489 | 77 645 1220 547 Spaces Moved 1362 | 46 319 659 338 Core 11 | 11 . . . Treads 1351 | 35 319 659 338 Legs . | . . . . Wheels . | . . . . Hover . | . . . . Flight . | . . . . Fastest Speed 50 | 50 160 160 160 Average Speed 159 | 145 160 160 160 Slowest Speed 160 | 160 160 160 160 Overloaded Moves . | . . . . Propulsion Burnouts . | . . . . Robots Hopped . | . . . . Potential Cave-ins . | . . . . Cave-ins Triggered . | . . . . Exploration Rate (%) 37 | 4 71 33 43 Regions Visited 3 Branch Regions 2 Pre-discovered Areas 1 | . . 1 . Known Exits Taken . | . . . . Unknown Exits Taken 3 | 1 1 1 . Scrap Searched . | . . . . Spaces Dug 17 | . 2 . 15 Terrain Destroyed 25 | . 2 10 13 Melee 2 | . 2 . . Projectile . | . . . . AOE 10 | . . 10 . Terrain Rammed . | . . . . Walls Destroyed . | . . . . Machines Disabled . | . . . . Actions | -11 -10 -10 -7 --------- Run | Yrd Mat Sub Scr Total 1530 | 53 397 738 342 Wait 33 | . 28 5 . Move 1359 | 45 318 658 338 Hop . | . . . . Pick Up 18 | 1 10 6 1 Fast Attach 8 | 6 1 1 . Attach 7 | . 1 5 1 Detach . | . . . . Swap 8 | 1 3 4 . Drop 6 | . 6 . . Fire 83 | . 27 54 2 Melee 8 | . 3 5 . Ram . | . . . . Kick . | . . . . Crush . | . . . . Escape Stasis . | . . . . Rewire . | . . . . Trap . | . . . . Miscellaneous . | . . . . Route ------- -11/Scrapyard -10/Materials (discovered 3 exits: [*Mat] / [*Min] / [*Sub]) -10/Subcaves (discovered 2 exits: [*Rec] / *Scr) -7/Scraptown History --------- Turn | Location | Event 23 | -11/Scrapyard | Discovered new exit (range 16) 78 | -11/Scrapyard | Entered Materials 294 | -10/Materials | Discovered new exit (range 15) 301 | -10/Materials | Build established: Mutant 527 | -10/Materials | Discovered new exit (range 16) 710 | -10/Materials | Discovered new exit (range 8) 723 | -10/Materials | Entered Subcaves 724 | -10/Subcaves | Approached by a straggling Scientist 730 | -10/Subcaves | Scientist uncovered a shortcut to Scraptown 762 | -10/Subcaves | Learned Materials emergency access door positions 1127 | -10/Subcaves | Discovered new exit (range 11) 1143 | -10/Subcaves | Learned location of Mines (-9) 1347 | -10/Subcaves | Shifting Twisted Machinery released Mak. Light Armor Plating 1353 | -10/Subcaves | Shifting Twisted Machinery released Battle Cannon 1591 | -10/Subcaves | Shifting Twisted Machinery released Riot Gun 1597 | -10/Subcaves | Shifting Twisted Machinery released Shrapnel Trap 1664 | -10/Subcaves | Core integrity fell below 50% 1706 | -10/Subcaves | Lost 6 parts (1p1n4w) 1943 | -10/Subcaves | Entered Scraptown 1943 | -7/Scraptown | System corruption cleaned by C-Scrubber 2070 | -7/Scraptown | Scanned Subdweller tech in exchange for log data 2075 | -7/Scraptown | Learned Factory non-interactive machine intel 2076 | -7/Scraptown | Learned Research terminal intel 2078 | -7/Scraptown | Learned location of 2 exits from Factory 2150 | -7/Scraptown | Visited UFD Registry 2150 | -7/Scraptown | Registered with UFD as "Spikecutter" 2185 | -7/Scraptown | Visited Curators Association 2231 | -7/Scraptown | Visited Analyses Database 2308 | -7/Scraptown | Visited Scrap Suit Storage 2331 | -7/Scraptown | Visited Supply Room 2358 | -7/Scraptown | Visited LU-1G1's Boring Crew 2383 | -7/Scraptown | Visited Cartography Club 2431 | -7/Scraptown | Attacked by Scraptown defenders 2439 | -7/Scraptown | Found Prototype Special Weapon 2440 | -7/Scraptown | Identified LU-1G1's Laser Shovel 2490 | -7/Scraptown | Self-destructed Last Messages --------------- 02461_ LU-1G1's Laser Shovel disintegrates Earth. 02469_ LU-1G1's Laser Shovel disintegrates Wall. 02473_ LU-1G1's Laser Shovel disintegrates Supplies. 02475_ Supplies damaged. 02477_ LU-1G1's Laser Shovel disintegrates Wall. 02480_ WJ-AEJ(E): "We are one!" 02484_ LU-1G1's Laser Shovel disintegrates Supplies. 02485_ LU-1G1's Laser Shovel disintegrates Wall. 02487_ Critical hit (Destroy). 02487_ Particle Cannon destroyed. 02489_ LU-1G1's Laser Shovel disintegrates Wall. 02490_ Critical hit (Destroy). 02490_ LU-1G1's Laser Shovel destroyed. 02490_ Spk. Treads destroyed. Map ----- +----------------------------------------------------+ | | | | | | | | | | | | | | | | | | | | | ?????????????????????????????????????????????????? | | ?????????????????????????????????????????????????? | | ?????????????????????????????????????????????????? | | ?????????????????????????????????????????????????? | | ?????????????????????????????????????????????????? | | ?????????????????????????????????????????????????? | | ?????????????????????????????????????????????????? | | ?????????????????????????????????????????????????? | | ?????????????????????????????????????????????????? | | ?????????????????????????????????????????????????? | | ????????????###??????????????????????????????????? | | ????????????# #??????????????????????????????????? | | ????????????# #??????????????????????????????????? | | ??????###?###"###########????????????????????????? | | ??????"""?#"" ##" |##"""##### ##????????????????? | | ?????#"" ##" !;; ;;!! ;@;;E #????????????????? | | ?????#" E E E ?????????? | | ?????# E ????????? | | ?????####"###############;## ########?????????? | | ????????# #?????????????###?# ##????????????????? | | ????????#"#?????????????????? #?????????????????? | | ??????### #####?????????????? #????#####????????? | | ??????# #?????????????? #??? !"#????????? | | ??????# # """ #?????????????# #???" "?????????? | | ??????# # " #?????????????# ####X ##????????? | | ??????# # """ # #??########?# #"! !"#????????? | | ??????# #??"""!! ""## #"! !"#????????? | | ??????# ####### #??" !! "## #" "#????????? | | ??????# # # #?#"" "?# #"! !"#????????? | | #####?# # #???#"" "## #" "?????????? | | ??# # # #??" ""## ## ???????????? | | ????# #???? ??# # ?????????????? | | #?????##### #####?????# #???# ## #??????????????? | | ########### ########### ##### ## ##?????????????? | | """"""""""" """"""""""" """"" "" "#?????????????? | | "#?????????????? | | "#???""?"??????? | | "#?? " "?????? | | "## ""????? | | ""????? | +----------------------------------------------------+ Best States ------------- Heat Dissipation 25 Energy Generation 10 Energy Capacity 250 Matter Stores 300 Matter Capacity 300 Sight Range 16 Terrain Scan Density 10 Armor Coverage 150 Evasion (%) 40 Recoil Reduction 2 Item Schematics ----------------- None Robot Schematics ------------------ None Fabricated ------------ Nothing Repaired ---------- Nothing Studied --------- None Alien Tech Used ----------------- None Achievements -------------- None Challenges ------------ None Game ------ Seed EncryptedChipJoltstriker Manual? 0 Play Time 00:14:45 Cumulative 182.9 hours Start 2026.08.06 @ 19:36:37 End 2026.08.06 @ 19:51:51 Sessions 1 Manual Loads 0 Difficulty Rogue Special Mode None Game No. 197 Rogue 143 Adventurer 54 Explorer 0 Win Type - Total 9 Types 5/0/1/1/0/0/0/1/0/1 Lore% 67 Gallery% 59 Achievement% 56 Wizard Run 0 Options --------- Layout 1 ASCII 0 Keyboard 0 Movement Mouse Keybinds 1 Fullscreen 2 Font 32/Tamsyn Map View 50x35 Zoom Use 0% Tactical HUD 1 Map Filters NONE Filters NONE Steam 1 RUN: 64dd8f8b-c7ad-4ea0-b45c-753275603158